 Dungeon Crawl Stone Soup version 0.23.2-40-g277498a001 (webtiles) character file.

Game seed: 1835127958691172735

1 MisterOstroum the Insei (level 1, 0/12 HPs)
             Began as a Kobold Transmuter on Aug 28, 2019.
             Slain by a jackal (1 damage)
             ... on level 1 of the Dungeon.
             The game lasted 00:00:37 (18 turns).

MisterOstroum the Insei (Kobold Transmuter)           Turns: 18, Time: 00:00:38

Health: 0/12       AC:  2    Str:  7    XL:     1   Next: 22%
Magic:  2/3        EV: 15    Int: 14    God:
Gold:   0          SH:  0    Dex: 15    Spells: 3/4 levels left

rFire    . . .     SeeInvis .     - Unarmed
rCold    . . .     Gourm    .   (shield restricted)
rNeg     . . .     Faith    .   b - +0 robe
rPois    .         Spirit   .   (no helmet)
rElec    .         Reflect  .   (no cloak)
rCorr    .         Harm     .   (no gloves)
MR       .....                  (boots currently unavailable)
Stlth    +.........             (no amulet)
HPRegen  0.04/turn              (no ring)
MPRegen  0.08/turn              (no ring)

@: appendage (expiring)
A: small, talons 3, carnivore
a: End Transformation


You were on level 1 of the Dungeon.
You were not hungry.
You had grown temporary talons.
You visited 1 branch of the dungeon, and saw 1 of its levels.

Inventory:

Missiles
 a - 12 arrows
Armour
 b - a +0 robe (worn)
Comestibles
 e - a ration


   Skills:
 + Level 1.3 Fighting
 - Level 2.4 Dodging
 - Level 3.0 Unarmed Combat
 - Level 2.1 Spellcasting
 - Level 2.0 Transmutations


You had 3 spell levels left.
You knew the following spells:

 Your Spells              Type           Power        Failure   Level  Hunger
a - Beastly Appendage     Tmut           #.....       11%         1    #......

Your spell library contained the following spells:

 Spells                   Type           Power        Failure   Level  Hunger
 Sticks to Snakes         Tmut           #.......     16%         2    ###....
 Spider Form              Tmut/Pois      #.........   43%         3    ###....
 Ice Form                 Ice/Tmut       #.......     83%         4    #####..
 Blade Hands              Tmut           #.........   96%         5    ######.


Dungeon Overview and Level Annotations

Branches:
Dungeon (1/15)

Altars:


Innate Abilities, Weirdness & Mutations

You are small and have problems with some larger weapons.
You are carnivorous and can eat meat at any time.
You have claws for feet.


Message History

e - a ration Welcome, MisterOstroum the Kobold Transmuter.
It is said that the Orb of Zot exists deep within this dungeon.
Press ? for a list of commands and other information.
Found a staircase leading out of the dungeon.
You open the door.
There is an open door here. 3 jackals come into view.
The jackal barks! x2
Casting: Beastly Appendage (safe; 11% risk of failure)
Confirm with . or Enter, or press ? or * to list all spells.
Your feet morph into talons.
You hit the jackal but do no damage. The jackal closely misses you.
Casting: Beastly Appendage (safe; 11% risk of failure)
Confirm with . or Enter, or press ? or * to list all spells.
You extend your transformation's duration.
The jackal bites you. The jackal closely misses you. The jackal misses you.
The jackal closely misses you.
A rat comes into view.
The jackal closely misses you. x2
Casting: Beastly Appendage (safe; 11% risk of failure)
Confirm with . or Enter, or press ? or * to list all spells.
You don't know that spell.
You closely miss the jackal. You claw the jackal.
The jackal is lightly wounded.
The jackal misses you. x2
You miss the jackal.
The jackal is lightly wounded.
The jackal barely misses you. The jackal closely misses you.
The jackal barely misses you. The jackal bites you.
You hit the jackal.
You kill the jackal!
The jackal closely misses you. The jackal barely misses you.
You closely miss the jackal. The jackal barely misses you.
The jackal bites you.
You closely miss the jackal. The jackal bites you. x3
* * * LOW HITPOINT WARNING * * *
You are too injured to fight recklessly!
You are too injured to fight recklessly!
You are too injured to fight recklessly!
You are too injured to fight recklessly!
You are too injured to fight recklessly!
You are too injured to fight recklessly!
You are too injured to fight recklessly!
You closely miss the jackal. Your kick misses the jackal.
The jackal barely misses you. The jackal closely misses you.
The jackal bites you but does no damage.
You hit the jackal.
The jackal is heavily wounded.
Your transformation is almost over.
The jackal barely misses you. x2
You barely miss the jackal.
The jackal is heavily wounded.
The jackal closely misses you. x2; The jackal bites you.
* * * LOW HITPOINT WARNING * * *
You closely miss the jackal.
The jackal is heavily wounded.
The jackal bites you.
* * * LOW HITPOINT WARNING * * *
The jackal bites you.
You die...

##.# ##...
.... # ##
...### #
#.#. ....#.#
#.#.8
#r8.#.#
#....
#hh...#
....###@...#
#..#..####
+.....+
###'###
#<....#
#######


You could see 2 jackals and a rat.

Vanquished Creatures
  A jackal (D:1)
1 creature vanquished.

Notes
Turn   | Place    | Note
-------+----------+-------------------------------------------
     0 | D:1      | MisterOstroum the Kobold Transmuter began the quest for the
                  | Orb.
     0 | D:1      | Reached XP level 1. HP: 12/12 MP: 3/3
    18 | D:1      | Slain by a jackal

Action                   || total
-------------------------++-------
Melee: Unarmed           ||    10
       Kick              ||     1
 Cast: Beastly Appendage ||     2
Armor: Robe              ||     1
Dodge: Dodged            ||    20
